 Dungeon Crawl Stone Soup version 0.31-a0-366-ga77b45bd9b (webtiles) character file.

Game seed: 4884452146361254930

973 Grim the Grappler (level 7, -4/7 HPs)
             Began as a Troll Fighter on July 28, 2023.
             Was an Initiate of Wu Jian.
             Killed from afar by a white imp (11 damage)
             ... with a puff of frost
             ... on level 6 of the Dungeon.
             The game lasted 00:04:48 (3176 turns).

Grim the Grappler (Troll Fighter)                   Turns: 3176, Time: 00:04:49

Health: -4/7       AC:  6    Str: 25    XL:     7   Next: 94%
Magic:  6/6        EV: 10    Int:  4    God:    Wu Jian [......]
Gold:   254        SH:  0    Dex: 11    Spells: 6/6 levels left

rFire   . .          .
                       - Unarmed
rCold   . . .        (no shield)
rNeg    . . .        a - melded +0 robe
rPois   .            (helmet restricted)
rElec   .            (no cloak)
rCorr   +            (gloves unavailable)
SInv    .            (boots unavailable)
Will    .....        (no amulet)
Stlth   +            g - +4 ring of protection
HPRegen 1.01/turn    n - ring of resist corrosion
MPRegen 0.10/turn

%: no passive effects
@: maw-form
A: devouring maw, reduced hp, large, unfitting armour, claws 3, regeneration 1,
shaggy fur 1, tough skin 1
a: Begin Untransformation, Renounce Religion


You were on level 6 of the Dungeon.
You worshipped Wu Jian.
Wu Jian was noncommittal.
You were a creature with a mouth for a stomach.
You visited 2 branches of the dungeon, and saw 7 of its levels.

You collected 254 gold pieces.

Inventory:

Missiles
 v - 5 large rocks
Armour
 a - a +0 robe (melded)
 m - a scarf of shadows
Jewellery
 g - a +4 ring of protection (left claw)
 n - a ring of resist corrosion (right claw)
Talismans
 b - a beast talisman
 w - a maw talisman
Wands
 i - a wand of flame (28)
Scrolls
 d - 5 scrolls of teleportation {unknown}
 e - a scroll of enchant weapon {unknown}
 j - 2 scrolls of noise {unknown}
 k - a scroll of blinking {unknown}
 l - a scroll of butterflies {unknown}
 o - 3 scrolls of identify {unknown}
 s - 2 scrolls of poison {unknown}
 t - a scroll of revelation {unknown}
 u - a scroll of brand weapon {unknown}
Potions
 c - a potion of might
 f - 2 potions of mutation {unknown}
 h - 2 potions of haste {unknown}
 p - 2 potions of degeneration {unknown}
 q - a potion of heal wounds {unknown}
 r - 2 potions of curing {unknown}


   Skills:
 + Level 4.7 Fighting
 - Level 2.4 Dodging
 - Level 2.6 Shields
 + Level 8.0 Unarmed Combat


You had 6 spell levels left.
You didn't know any spells.
Your spell library contained the following spells:

 Spells                   Type           Power      Damage    Failure   Level
 Sting                    Tmut/Pois      0%         1d3       50%         1
 Momentum Strike          Conj/Tloc      0%         3d8       65%         2
 Poisonous Vapours        Pois/Air       0%         N/A       65%         2
 Mephitic Cloud           Conj/Pois/Air  0%         N/A       86%         3
 Olgreb's Toxic Radiance  Pois           0%         N/A       99%         4
 Alistair's Intoxication  Tmut/Pois      0%         N/A       100%        5
 Borgnjor's Vile Clutch   Necr/Erth      0%         N/A       100%        5
 Eringya's Noxious Bog    Tmut/Pois      0%         4d6       100%        6


Dungeon Overview and Level Annotations

Branches:
Dungeon (6/15)             Temple (1/1) D:5

Altars:
Ashenzari
Dithmenos
Elyvilon
Fedhas
Gozag
Hepliaklqana
Nemelex Xobeh
Ru
Sif Muna
Uskayaw
Vehumet
Wu Jian
Xom
Zin
The Shining One


Innate Abilities, Weirdness & Mutations

You are a creature with a mouth for a stomach.
Your midsection houses a second, enormous mouth.
Your maximum health is decreased, since you lack skill for your form.
You are too large for most types of armour.
You have claws for hands.
Your natural rate of healing is unusually fast.
You are covered in fur. (AC +1)
You have tough skin. (AC +1)


Message History

You see here a +0 ring mail.
You enter the shallow water.
You enter the shallow water.
You open the door.
There is an open door here.
Key pressed, stopping explore.
No target in view!
No target in view!
No target in view!
Done exploring.
No target in view!
Done exploring.
Done exploring.
Done exploring.
(D) Dungeon (T) Temple
Where to? (Enter - D:5, ? - help)
There is a stone staircase leading down here.
You climb downwards.
There is a stone staircase leading up here.
Eustachio is nearby!
You lunge at Eustachio.
You claw Eustachio!
Eustachio is moderately wounded.
Eustachio hits you but does no damage.
You scratch Eustachio. You bite Eustachio!
Eustachio is severely wounded.
You claw Eustachio!
You kill Eustachio!
The Council accepts your kill.
Your Unarmed Combat skill increases to level 8!
No target in view!
No target in view!
A white imp comes into view.
A white imp is nearby!
Found a scroll labelled ZOACI SOOKK.
The white imp shouts!
The white imp grins evilly.
The white imp gestures at you. The puff of frost hits you!
Ouch! That really hurt!
You die...

##########
##...#....####+#.
#.....#..........
#..<.)#..........
##....#..W.....?.
#....#..........
#.....#....5.....
##...###+###.##..
##### .# . #


You could see a white imp.

Vanquished Creatures
  Sigmund (D:2)
  Eustachio (D:6)
  2 ogres (D:4)
  3 scorpions
  4 hounds
  2 iguanas
  Terence (D:2)
  An orc wizard (D:4)
  3 adders
  A gnoll (D:1)
  A white imp (D:5)
  An ufetubus (D:5)
  A worm (D:4)
  3 dart slugs
  3 orcs
  5 ball pythons
  8 bats
  7 endoplasms
  3 giant cockroaches
  5 goblins
  6 hobgoblins
  4 kobolds
  A quokka (D:3)
  2 frilled lizards
  6 rats
75 creatures vanquished.

Notes
Turn   | Place    | Note
-------+----------+-------------------------------------------
     0 | D:1      | Grim the Troll Fighter began the quest for the Orb.
     0 | D:1      | Reached XP level 1. HP: 22/22 MP: 0/0
   137 | D:1      | Reached XP level 2. HP: 28/29 MP: 1/1
   250 | D:1      | Reached skill level 3 in Unarmed Combat
   385 | D:1      | Reached XP level 3. HP: 34/35 MP: 2/2
   586 | D:2      | Noticed Terence
   595 | D:2      | Killed Terence
   596 | D:2      | Reached skill level 4 in Unarmed Combat
   883 | D:2      | Reached XP level 4. HP: 40/44 MP: 3/3
  1020 | D:2      | Noticed Sigmund
  1041 | D:2      | Killed Sigmund
  1042 | D:2      | Reached skill level 6 in Unarmed Combat
  1042 | D:2      | Reached XP level 5. HP: 37/50 MP: 4/4
  1494 | D:3      | Reached XP level 6. HP: 59/59 MP: 5/5
  1772 | D:4      | Got the Secrets of the Rotting Fifth Circle
  1943 | D:4      | Reached skill level 7 in Unarmed Combat
  1944 | D:4      | Reached XP level 7. HP: 46/68 MP: 6/6
  2418 | D:4      | Noticed a two-headed ogre
  2437 | D:5      | Entered Level 5 of the Dungeon
  2823 | D:5      | Found a staircase to the Ecumenical Temple.
  2899 | Temple   | Entered the Ecumenical Temple
  2961 | Temple   | Became a worshipper of the Wu Jian Council
  3168 | D:6      | Noticed Eustachio
  3171 | D:6      | Killed Eustachio
  3172 | D:6      | Reached skill level 8 in Unarmed Combat
  3176 | D:6      | Killed from afar by a white imp

Illustrated notes

Levels and vault maps discovered:
D:1:      psy_arrival_statuary, layout_basic
D:2:      layout_basic, minmay_pentomino_p2, uniq_terence, uniq_sigmund
D:3:      layout_basic
D:4:      layout_basic, lightli_corner_chamber
D:5:      layout_basic, minmay_temple_entry_mist
D:6:      layout_gridville, okawaru_trees_1, lemuel_zombie_altar_kikubaaqudgha,
          uniq_eustachio, uniq_blork_the_orc, uniq_grinder
Temple:   nicolae_temple_bog_church

Skill      XL: |  1  2  3  4  5  6  7 |
---------------+----------------------+-----
Unarmed Combat | 3 4 6 7 8 |  8.0
Fighting       | 3 4 |  4.7
Dodging        | |  2.4
Shields        | |  2.6

Action                     |  1- 3 |  4- 6 |  7- 9 || total
---------------------------+-------+-------+-------++-------
  Melee: Unarmed           |    66 |    88 |    24 ||   178
         Punch             |       |     4 |     2 ||     6
         Maw               |       |       |     3 ||     3
Ability: Lunge             |       |       |     1 ||     1
   Stab: Sleeping          |     1 |       |       ||     1
 Armour: Robe              |    26 |    29 |     4 ||    59
         Skin              |       |       |     4 ||     4
  Dodge: Dodged            |    25 |    34 |    11 ||    70
   Form: Beast             |     1 |       |       ||     1
         Maw               |       |       |     1 ||     1

Table legend: (Time is in decaauts)
 A = Elapsed time spent in this place.
 B = Non-inter-level travel time spent in this place.
 C = Inter-level travel time spent in this place.
 D = Time resting spent in this place.
 E = Time spent auto-exploring this place.
 F = Levels seen in this place.
 G = Mean time per level.
                   A        B        C        D        E       F      G
               +--------+--------+--------+--------+--------+-----+--------+
         Total |   3157 |   3054 |    103 |    222 |   2259 |   7 |  451.0 |
       Dungeon |   3086 |   2991 |     95 |    222 |   2259 |   6 |  514.3 |
        Temple |     70 |     62 |      8 |      0 |      0 |   1 |   70.0 |
               +--------+--------+--------+--------+--------+-----+--------+

Top non-repeatable levels by time:
     D:4: 725 daAuts
     D:2: 687 daAuts
     D:5: 658 daAuts
     D:1: 576 daAuts
     D:3: 431 daAuts
  Temple: 70 daAuts
     D:6: 7 daAuts
